 Dungeon Crawl Stone Soup version 0.21.1-1-g345015fe64 (webtiles) character file.

80 Fascinator the Magician (level 4, 0/34 HPs)
             Began as a Draconian Wizard on July 29, 2018.
             Slain by a kobold
             ... wielding a +0 short sword
              (3 damage)
             ... on level 2 of the Dungeon.
             The game lasted 00:04:47 (1610 turns).

Fascinator the Magician (Draconian Wizard)          Turns: 1610, Time: 00:04:47

Health: 0/34       AC:  6    Str:  9    XL:     4   Next: 18%
Magic:  0/10       EV: 12    Int: 19    God:
Gold:   45         SH:  0    Dex: 10    Spells: 2/11 levels left

rFire    . . .     SeeInvis .   e - +0 short sword
rCold    . . .     Gourm    .   (no shield)
rNeg     . . .     Faith    .   (armour unavailable)
rPois    .         Spirit   .   a - +0 hat
rElec    .         Reflect  .   (no cloak)
rCorr    .         Harm     .   (no gloves)
MR       .....                  j - +0 pair of boots
Stlth    ++........             (no amulet)
HPRegen  0.11/turn              (no ring)
MPRegen  0.12/turn              (no ring)

@: no status effects
A: unfitting armour, cold-blooded, AC +5
a: no special abilities


You were on level 2 of the Dungeon.
You were very hungry.

You visited 1 branch of the dungeon, and saw 2 of its levels.

You collected 45 gold pieces.

Inventory:

Hand Weapons
 e - a +0 short sword (weapon)
Armour
 a - a +0 hat (worn)
 j - a +0 pair of boots (worn)
Jewellery
 i - an uncursed amulet of guardian spirit {unknown}
Scrolls
 f - a scroll of identify {unknown}
Potions
 d - a potion of ambrosia {unknown}
 g - 2 potions of lignification {unknown}
 h - a potion of flight {unknown}
Books
 b - a book of Minor Magic

   Spells                             Type                      Level
   a - Magic Dart                     Conjuration                  1
   b - Blink                          Translocation                2
   c - Call Imp                       Summoning                    2
   d - Slow                           Hexes                        2
   e - Conjure Flame                  Conjuration/Fire             3
   f - Mephitic Cloud                 Conjuration/Poison/Air       3
Comestibles
 c - 2 rations


   Skills:
 * Level 0.8 Fighting
 - Level 0.5 Short Blades
 + Level 2.2 Dodging
 + Level 2.0 Stealth
 * Level 4.0 Spellcasting
 + Level 1.6 Conjurations
   Level 1.0 Summonings
 + Level 1.0 Translocations


You had 2 spell levels left.
You knew the following spells:

 Your Spells              Type           Power        Failure   Level  Hunger
a - Magic Dart            Conj           ##..         7%          1    None
b - Blink                 Tloc           N/A          14%         2    ##.....
d - Mephitic Cloud        Conj/Pois/Air  #.......     32%         3    ###....
e - Conjure Flame         Conj/Fire      #.......     30%         3    ###....


Dungeon Overview and Level Annotations

Branches:
Dungeon (2/15)

Altars:
Ashenzari


Innate Abilities, Weirdness & Mutations

Your plain brown scales are hard. (AC +5)
You cannot fit into any form of body armour.
You are cold-blooded and may be slowed by cold attacks.


Message History

A kobold comes into view. It is wielding a short sword.
You hit Terence.
You kill Terence!
Your Spellcasting skill increases to level 4!
You have reached level 4!
You feel agile.
The kobold throws a stone.
The stone barely misses you.
You start resting.
Casting: Mephitic Cloud
Confirm with . or Enter, or press ? or * to list all spells.
Aiming: Magic Dart
Press: ? - help, Shift-Dir - straight line, f - kobold
Aim: a kobold, wielding a short sword The magic dart hits the kobold.
You closely miss the kobold. The kobold hits you but does no damage.
You closely miss the kobold. The kobold hits you with a short sword.
* * * LOW HITPOINT WARNING * * *
You closely miss the kobold.
Your tail-slap misses the kobold.
The kobold hits you with a short sword.
You die...

....... .....# ..
.(..# ..... .. #...#
..(K ..# # ###...#
..##.##.
#####.....####......
..........+.....#.#
.........@#.......#
..........K.....#.#
.......##)........#
.......##.(.#.##..#
.......'....#.##..#
#..
.......######.###.#
.. ....#.. ##+# #.##
.. ### #..
.....#..#####.. ...
.....#.........


You could see a kobold.

Vanquished Creatures
  Terence (D:2)
  An ooze (D:1)
  A worm (D:2)
  5 dart slugs (D:1)
  A leopard gecko (D:1)
  A ball python (D:1)
  4 bats
  2 giant cockroaches (D:1)
  2 goblins (D:1)
  3 hobgoblins (D:1)
  4 jackals (D:1)
  4 kobolds
  6 rats
35 creatures vanquished.

Notes
Turn   | Place    | Note
-------+----------+-------------------------------------------
     0 | D:1      | Fascinator the Draconian Wizard began the quest for the Orb.
     0 | D:1      | Reached XP level 1. HP: 14/14 MP: 4/4
   151 | D:1      | Reached XP level 2. HP: 12/20 MP: 0/6
   451 | D:1      | Found a shattered altar of Ashenzari.
   612 | D:1      | Reached XP level 3. HP: 26/26 MP: 1/8
  1335 | D:2      | Learned a level 2 spell: Blink
  1339 | D:2      | Learned a level 3 spell: Mephitic Cloud
  1343 | D:2      | Learned a level 3 spell: Conjure Flame
  1555 | D:2      | Noticed Terence
  1602 | D:2      | Killed Terence
  1602 | D:2      | Reached skill level 4 in Spellcasting
  1602 | D:2      | Reached XP level 4. HP: 2/34 MP: 0/10
  1610 | D:2      | Slain by a kobold

Skill      XL: |  1  2  3 |
---------------+----------+-----
Dodging        | 2 |  2.2
Stealth        | 2 |  2.0
Spellcasting   | 4 |  4.0
Fighting       | |  0.8
Short Blades   | |  0.5
Conjurations   | |  1.6
Summonings     | |  1.0
Translocations | |  1.0

Action                   |  1- 3 |  4- 6 || total
-------------------------+-------+-------++-------
Melee: Unarmed           |    30 |       ||    30
       Tailslap          |     7 |       ||     7
       Short sword       |    72 |     3 ||    75
 Cast: Magic Dart        |    86 |     1 ||    87
       Mephitic Cloud    |     1 |       ||     1
 Stab: Confused          |     1 |       ||     1
  Eat: Chunk             |     1 |       ||     1
Armor: Skin              |    35 |     1 ||    36
Dodge: Dodged            |    79 |     1 ||    80
